 Dungeon Crawl Stone Soup version 0.14.1-19-g9964f44 (webtiles) character file.

3311 Kae the Bludgeoner (level 9, -7/70 HPs)
             Began as a Minotaur Fighter on June 5, 2014.
             Was a Follower of Okawaru.
             Mangled by a komodo dragon (21 damage)
             ... on Level 8 of the Dungeon.
             The game lasted 00:10:35 (6641 turns).

Kae the Bludgeoner (Minotaur Fighter)               Turns: 6641, Time: 00:10:35

HP  -7/70        AC 10     Str 21      XL: 9   Next: 59%
MP   4/4         EV  6     Int  7      God: Okawaru [*.....]
Gold 208         SH 19     Dex 11      Spells:  0 memorised,  8 levels left

rFire  . . .     SeeInvis .     b - +0 morningstar
rCold  . . .     Clarity  .     y - +0 scale mail
rNeg   + + .     Conserve .     c - +0 shield
rPois  .         rCorr    .     (helmet restricted)
rElec  .         rRot     .     r - +0 cloak
SustAb + .       Spirit   .     k - +1 pair of gloves
rMut   .         Warding  +     (no boots)
Saprov . . .     Stasis   .     p - amulet of warding
MR     .....                    I - ring of sustain abilities
                                G - ring of positive energy

@: non-regenerating, badly diseased, not resistant to hostile enchantments,
extremely unstealthy
A: retaliatory headbutt, horns 2
a: Heroism, Renounce Religion


You were on level 8 of the Dungeon.
You worshipped Okawaru.
Okawaru was aware of your devotion.
You were not hungry.

You visited 2 branches of the dungeon, and saw 9 of its levels.

You collected 272 gold pieces.
You spent 64 gold pieces at shops.

Inventory:

Hand weapons
 a - a +1,-4 flail
 b - a +0,+0 morningstar (weapon)
Armour
 c - a +0 shield (worn)
 k - a +1 pair of gloves (worn)
 r - a +0 cloak (worn)
 y - a +0 scale mail (worn)
Magical devices
 e - a wand of magic darts (18)
 g - a wand of digging (12)
 q - a wand of flame (11)
 L - a wand of fire (10) {unknown}
Comestibles
 d - 3 bread rations
 f - a banana
 l - 5 meat rations
 F - a pear
 H - 18 cheeses
 K - a rambutan
Scrolls
 j - 4 scrolls of amnesia
 v - a scroll of identify
 z - a scroll of fog
 C - 3 scrolls of blinking
 E - a scroll of enchant armour
 J - a scroll of remove curse
Jewellery
 o - an uncursed ring of fire
 p - an amulet of warding (around neck)
 A - an uncursed ring of positive energy
 B - an uncursed ring of wizardry
 D - a +6 ring of strength {unknown}
 G - a ring of positive energy (left hand)
 I - a ring of sustain abilities (right hand)
Potions
 h - 2 potions of magic {unknown}
 i - 2 potions of restore abilities {unknown}
 m - 2 potions of heal wounds
 n - 2 potions of lignification {unknown}
 s - a potion of invisibility {unknown}
 t - a potion of haste {unknown}
 u - a potion of mutation {unknown}
 w - 3 potions of degeneration {unknown}
 x - 4 potions of curing


   Skills:
 - Level 3.6 Fighting
 + Level 15.3 Maces & Flails
 - Level 3.6 Armour
 - Level 3.6 Shields


You had 8 spell levels left.
You didn't know any spells.

Dungeon Overview and Level Annotations

Branches:
Dungeon (8/15)             Temple (1/1) D:6            Lair (0/8) D:8

Altars:
Cheibriados
Dithmenos
Elyvilon
Kikubaaqudgha
Nemelex Xobeh
Okawaru
Sif Muna
Vehumet
Yredelemnul
Zin
The Shining One

Shops:
D:6 *


Innate Abilities, Weirdness & Mutations

You reflexively headbutt those who attack you in melee.
You have a pair of horns on your head.


Message History

You are too injured to fight recklessly!
You are too injured to fight recklessly!
You are too injured to fight recklessly!
You barely miss the komodo dragon. You headbutt the komodo dragon.
The komodo dragon is heavily wounded.
You hit the komodo dragon but do no damage.
The komodo dragon is heavily wounded.
The komodo dragon bites you but does no damage.
You barely miss the komodo dragon.
You headbutt the komodo dragon, but do no damage.
The komodo dragon is heavily wounded.
The komodo dragon bites you!
* * * LOW HITPOINT WARNING * * *
You feel ill.
You barely miss the komodo dragon. You headbutt the komodo dragon.
The komodo dragon is severely wounded.
You closely miss the komodo dragon.
The komodo dragon is severely wounded.
The komodo dragon bites you!
You die...

#PPPP......#########.##.......
#PPPP....### ##.##.#####.
#PPPP...######### #.....# #.
#PPP....#.......# #..#### #.
##PP...########.# #..# #.
##.[.#####.###.# #..# #.
#.##....##...##.###..# #.
#..............#.#....########.
#..###.......l@....#...........
#. #...........#.#....########.
# #.#...#...^##.#....# ##
#.##.##...###.#.#### #. #
#.##..## #.#.# #. #.##..# #.#.#
#. #.##..# #.#.# #. ... ..#.#
#. ..#. #.


You could see a komodo dragon.

Vanquished Creatures
  Grinder (D:5)
  A troll (D:5)
  The ghost of Charly the Stinger, an average MfVM (D:3)
  2 orc warriors (D:7)
  2 ogres
  The ghost of dsn the Slasher, an average MiFi (D:4)
  3 phantoms
  Blork the orc (D:5)
  7 giant frogs
  4 scorpions
  A quasit (D:7)
  A yellow wasp zombie (D:5)
  A crimson imp (D:5)
  A goliath beetle (D:7)
  Crazy Yiuf (D:5)
  An orc priest (D:5)
  6 hounds
  3 jellies
  4 orc wizards
  6 worker ants
  An orange rat (D:7)
  Ijyb (D:2)
  A hound skeleton (D:4)
  A hound zombie (D:8)
  8 adders
  3 green rats (D:7)
  A gnoll (D:5)
  A shadow imp (D:7)
  A giant mite (D:8)
  2 worms
  An adder zombie (D:5)
  4 giant geckos
  2 oozes (D:1)
  22 orcs
  A ball python (D:7)
  9 bats
  2 bat zombies
  A giant cockroach (D:3)
  12 goblins
  15 hobgoblins
  30 jackals
  9 kobolds
  2 quokkas
  A giant gecko skeleton (D:5)
  2 giant newts
  A giant spore (D:6)
  A kobold zombie (D:5)
  An orc skeleton (D:7)
  A quokka zombie (D:6)
  24 rats
  A rat skeleton (D:5)
  2 ballistomycetes (D:6)
  A fungus (D:5)
213 creatures vanquished.

Vanquished Creatures (others)
  A fungus (D:5)
  2 plants (D:8)
3 creatures vanquished.

Grand Total: 216 creatures vanquished

Notes
Turn   | Place    | Note
--------------------------------------------------------------
     0 | D:1      | Kae, the Minotaur Fighter, began the quest for the Orb.
     0 | D:1      | Reached XP level 1. HP: 19/19 MP: 1/1
   101 | D:1      | Reached XP level 2. HP: 23/26 MP: 1/1
   380 | D:1      | Reached skill level 4 in Maces & Flails
   534 | D:2      | Reached XP level 3. HP: 29/31 MP: 2/2
   735 | D:2      | Noticed Ijyb
   743 | D:2      | Killed Ijyb
   743 | D:2      | Reached skill level 5 in Maces & Flails
   985 | D:2      | Reached XP level 4. HP: 31/39 MP: 2/2
  1303 | D:3      | Reached skill level 6 in Maces & Flails
  1303 | D:3      | Reached XP level 5. HP: 45/45 MP: 2/2
  1471 | D:3      | Noticed Charly's ghost (average MfVM)
  1487 | D:3      | Killed Charly's ghost
  1487 | D:3      | Reached skill level 7 in Maces & Flails
  1487 | D:3      | Reached XP level 6. HP: 21/51 MP: 3/3
  2043 | D:4      | Noticed dsn's ghost (average MiFi)
  2050 | D:4      | Killed dsn's ghost
  2050 | D:4      | Reached skill level 8 in Maces & Flails
  2535 | D:4      | Reached skill level 9 in Maces & Flails
  2960 | D:4      | Found a basalt altar of Yredelemnul.
  2970 | D:4      | Found a white marble altar of Elyvilon.
  2989 | D:5      | Entered Level 5 of the Dungeon
  2998 | D:4      | Reached XP level 7. HP: 54/57 MP: 3/3
  3143 | D:5      | Noticed Blork the orc
  3153 | D:5      | Killed Blork the orc
  3214 | D:5      | Reached skill level 10 in Maces & Flails
  3332 | D:5      | Noticed Grinder
  3460 | D:5      | Killed Grinder
  3460 | D:5      | Reached skill level 11 in Maces & Flails
  3460 | D:5      | Reached XP level 8. HP: 55/64 MP: 3/3
  3744 | D:5      | Reached skill level 12 in Maces & Flails
  3851 | D:5      | Noticed a troll
  3859 | D:5      | Killed a troll
  4162 | D:5      | Noticed Crazy Yiuf
  4174 | D:5      | Killed Crazy Yiuf
  4174 | D:5      | Reached skill level 13 in Maces & Flails
  4358 | D:6      | Found Khucs' Assorted Antiques.
  4364 | D:6      | Bought a gluggy yellow potion for 21 gold pieces
  4364 | D:6      | Bought 2 metallic white potions for 43 gold pieces
  4475 | D:6      | Found a staircase to the Ecumenical Temple.
  4608 | Temple   | Entered the Ecumenical Temple
  4616 | Temple   | Became a worshipper of Warmaster Okawaru
  4732 | D:6      | Reached XP level 9. HP: 70/70 MP: 4/4
  4969 | D:7      | Found a sparkling altar of Nemelex Xobeh.
  5062 | D:7      | Reached skill level 14 in Maces & Flails
  6110 | D:7      | Reached skill level 15 in Maces & Flails
  6468 | D:8      | Acquired Okawaru's first power
  6592 | D:8      | Found a staircase to the Lair.
  6641 | D:8      | Mangled by a komodo dragon

Action                   |  1- 3 |  4- 6 |  7- 9 || total
-------------------------+-------+-------+-------++-------
Melee: Flail             |    94 |   127 |    61 ||   282
       Morningstar       |       |       |   390 ||   390
Evoke: Wand              |       |       |     2 ||     2
  Use: Scroll            |       |    13 |     6 ||    19
       Potion            |       |     4 |     5 ||     9
